[Event "Titled Tuesday Blitz July 4 Late 2023"]
[White "Di Berardino, Diego Rafael"]
[Black "Ai, Evan"]
[WhiteFideId "2105446"]
[BlackFideId "2094770"]
[WhiteElo "2620"]
[BlackElo "2442"]
[Result "1-0"]
[Round "7"]
[TimeControl "180+2"]
[Date "2023.07.04"]
[WhiteClock "0:00:13"]
[BlackClock "0:00:00"]
[Board "59"]

1. d4 Nf6 2. c4 e6 3. Nc3 Bb4 4. e3 O-O 5. Bd3 d5 6. a3 Bxc3+ 7. bxc3 dxc4 8. Bxc4 b6 9. Ne2 Bb7 10. O-O Nbd7 11. f3 c5 12. e4 Qc7 13. Bd3 Rfd8 14. Be3 Rac8 15. Bf4 e5 16. Bg3 cxd4 17. cxd4 Qd6 18. h3 Qe7 19. d5 Nc5 20. Bf2 Nfd7 21. Ng3 g6 22. Qd2 Nxd3 23. Qxd3 Nc5 24. Qe3 Ba6 25. Rfd1 Na4 26. Qh6 Rc2 27. Nf5 gxf5 28. Bh4 Rd6 29. Bxe7 Rxh6 30. d6 Nc5 31. d7 Nxd7 32. Rxd7 Rg6 33. g4 fxg4 34. hxg4 h5 35. g5 Be2 36. Bf6 Rc8 37. Kf2 Bb5 38. Rxa7 Rc2+ 39. Kg3 Bc6 40. Rh1 Rc3 41. Rxh5 Rxf6 42. gxf6 b5 43. Rc7 Rc4 44. Rc8+ 1-0


[Site "https://www.chess.com"]

[Event "Titled Tuesday Blitz July 4 Late 2023"]
[White "Moksh Amit Doshi"]
[Black "Lalanne, Pablo"]
[WhiteFideId "25064967"]
[BlackFideId "112151"]
[WhiteElo "2592"]
[BlackElo "2441"]
[Result "1-0"]
[Round "7"]
[TimeControl "180+2"]
[Date "2023.07.04"]
[WhiteClock "0:00:55"]
[BlackClock "0:00:11"]
[Board "60"]

1. d4 Nf6 2. Nf3 e6 3. Bf4 d5 4. e3 c5 5. Nbd2 Nc6 6. c3 Bd6 7. Bg3 O-O 8. Bd3 b6 9. e4 Be7 10. e5 Nh5 11. Ng5 Bxg5 12. Qxh5 g6 13. Qe2 cxd4 14. Nf3 dxc3 15. bxc3 d4 16. h4 Bh6 17. h5 Bg7 18. hxg6 fxg6 19. Qe4 dxc3 20. Rxh7 Rxf3 21. Rxg7+ Kxg7 22. Qxg6+ Kf8 23. Qh6+ Ke8 24. Bg6+ Kd7 25. Rd1+ Kc7 26. Rxd8 Kxd8 27. gxf3 Kc7 28. Qf8 Bb7 29. Qd6+ 1-0


[Site "https://www.chess.com"]

[Event "Titled Tuesday Blitz July 4 Late 2023"]
[White "Vdovin, Vadim"]
[Black "Mikhalsky, Vladimir"]
[WhiteFideId "24107158"]
[BlackFideId "14144352"]
[WhiteElo "2589"]
[BlackElo "2435"]
[Result "1-0"]
[Round "7"]
[TimeControl "180+2"]
[Date "2023.07.04"]
[WhiteClock "0:00:10"]
[BlackClock "0:00:00"]
[Board "61"]

1. e4 g6 2. d4 Bg7 3. Nc3 d6 4. Nf3 a6 5. Bc4 e6 6. O-O Ne7 7. Bg5 h6 8. Be3 g5 9. Bd3 Nd7 10. Ne2 Ng6 11. Ng3 g4 12. Nd2 h5 13. f4 h4 14. Nh1 c5 15. c3 e5 16. dxe5 dxe5 17. f5 Nf4 18. Nc4 Qc7 19. Qxg4 Bh6 20. Bxf4 exf4 21. e5 Nb6 22. Nd6+ Kf8 23. Nf2 c4 24. Be4 f6 25. Nxc8 Rxc8 26. e6 Rg8 27. Qxh4 Qg7 28. Rad1 Bg5 29. Qh5 Rh8 30. Qf7+ Qxf7 31. exf7 Kxf7 32. Bxb7 Rb8 33. Bf3 Na4 34. Bd5+ Kg7 35. Bxc4 Nxb2 36. Rd7+ Kh6 37. Bf7 1-0


[Site "https://www.chess.com"]

[Event "Titled Tuesday Blitz July 4 Late 2023"]
[White "Taranenko, Evgueniy"]
[Black "Jaskolka, Tomasz"]
[WhiteFideId "14122138"]
[BlackFideId "1170791"]
[WhiteElo "2388"]
[BlackElo "2579"]
[Result "1-0"]
[Round "7"]
[TimeControl "180+2"]
[Date "2023.07.04"]
[WhiteClock "0:00:09"]
[BlackClock "0:00:00"]
[Board "62"]

1. e4 d5 2. exd5 Nf6 3. Nc3 Bg4 4. Be2 Bxe2 5. Ngxe2 Nxd5 6. O-O c6 7. d4 e6 8. Ne4 Be7 9. c3 Nd7 10. Qb3 Qb6 11. Nf4 O-O 12. Re1 N7f6 13. Ng3 Bd6 14. Nd3 Qc7 15. c4 Ne7 16. Ne5 b5 17. c5 Bxe5 18. dxe5 Nd7 19. Ne4 Qxe5 20. Bg5 Nxc5 21. Qc2 Nxe4 22. Bxe7 Rfe8 23. Rxe4 Qd5 24. Bc5 Rad8 25. b4 Rd7 26. Ree1 Red8 27. h3 Qg5 28. Be3 Qh5 29. Qxc6 h6 30. Qc5 Rd5 31. Qxa7 Qg6 32. Qc7 Qd3 33. Qg3 Qc2 34. Rac1 Qxa2 35. Bxh6 g6 36. Be3 Rf5 37. Rc5 Rf6 38. Bg5 1-0


[Site "https://www.chess.com"]

[Event "Titled Tuesday Blitz July 4 Late 2023"]
[White "Djabri, Massinas"]
[Black "Yurovskykh, Oleksandr"]
[WhiteFideId "7905726"]
[BlackFideId "14134020"]
[WhiteElo "2378"]
[BlackElo "2574"]
[Result "1-0"]
[Round "7"]
[TimeControl "180+2"]
[Date "2023.07.04"]
[WhiteClock "0:01:20"]
[BlackClock "0:00:24"]
[Board "63"]

1. e4 d5 2. exd5 Qxd5 3. Nc3 Qd8 4. Nf3 Bg4 5. Bc4 e6 6. h3 Bxf3 7. Qxf3 c6 8. O-O Nd7 9. d4 Ngf6 10. Re1 Be7 11. Ne2 O-O 12. c3 Qc7 13. Ng3 Rfe8 14. Bb3 c5 15. Bf4 Bd6 16. Bxd6 Qxd6 17. Rad1 cxd4 18. Rxd4 Qc7 19. Red1 Nc5 20. Bc2 Rad8 21. Nh5 Nxh5 22. Qxh5 f5 23. b4 Ne4 24. Rd7 1-0


[Site "https://www.chess.com"]

[Event "Titled Tuesday Blitz July 4 Late 2023"]
[White "ATM622"]
[Black "Cluke86"]
[WhiteElo "2565"]
[BlackElo "2333"]
[Result "1-0"]
[Round "7"]
[TimeControl "180+2"]
[Date "2023.07.04"]
[WhiteClock "0:01:21"]
[BlackClock "0:00:18"]
[Board "64"]

1. d4 d6 2. c4 e5 3. dxe5 dxe5 4. Qxd8+ Kxd8 5. Nc3 c6 6. g3 Be6 7. b3 Na6 8. Bb2 f6 9. O-O-O+ Kc7 10. Bg2 Nc5 11. Kc2 a5 12. f4 exf4 13. gxf4 Bd6 14. e3 Ne7 15. Ba3 b6 16. Nf3 Bf5+ 17. Kb2 Nd3+ 18. Rxd3 Bxa3+ 19. Kxa3 Bxd3 20. Nd4 Rad8 21. Ne6+ Kb7 22. Nxd8+ Rxd8 23. Rd1 Kc7 24. Kb2 Bg6 25. Rxd8 Kxd8 26. Ne4 Kc7 27. Ng3 Kd6 28. Kc3 h5 29. e4 h4 30. Nf1 c5 31. Ne3 Bf7 32. a4 g5 33. e5+ fxe5 34. fxg5 Bg6 35. Bd5 Nf5 36. Be4 Nxe3 37. Bxg6 h3 38. Kd3 Ng4 39. Bf5 Nxh2 40. Ke2 e4 41. g6 Nf3 42. g7 h2 43. g8=Q h1=Q 44. Qe6+ Kc7 45. Qd7+ Kb8 46. Qc8+ Ka7 47. Qc7+ Ka8 48. Bxe4# 1-0


[Site "https://www.chess.com"]

[Event "Titled Tuesday Blitz July 4 Late 2023"]
[White "Ardila, Oscar Humberto"]
[Black "Erenberg, Ariel"]
[WhiteFideId "4404742"]
[BlackFideId "2811634"]
[WhiteElo "2340"]
[BlackElo "2707"]
[Result "0-1"]
[Round "7"]
[TimeControl "180+2"]
[Date "2023.07.04"]
[WhiteClock "0:00:05"]
[BlackClock "0:01:58"]
[Board "65"]

1. d4 d5 2. c4 dxc4 3. Qa4+ Nd7 4. Qxc4 a6 5. Nf3 b5 6. Qb3 Bb7 7. Nbd2 Ngf6 8. e3 e6 9. a4 c6 10. axb5 cxb5 11. Bd3 Be7 12. O-O O-O 13. Rd1 Rc8 14. Qa2 Nb6 15. b3 Nbd5 16. Bb2 Nc3 17. Bxc3 Rxc3 18. Qb1 Qc7 19. Ne5 Rc8 20. f3 g6 21. Ne4 Nxe4 22. Bxe4 Rxe3 23. Bxb7 Qxb7 24. Qa2 Bf6 25. Qxa6 Qxa6 26. Rxa6 Bxe5 27. dxe5 Rc2 28. g4 Rxe5 29. h4 Ree2 30. Ra8+ Kg7 31. g5 Rg2+ 32. Kh1 Rgf2 33. Kg1 Rg2+ 34. Kh1 Rge2 35. Kg1 h6 36. Kf1 hxg5 37. hxg5 Rh2 38. Kg1 Rhg2+ 39. Kf1 Rxg5 40. Rdd8 Rh5 41. Rg8+ Kf6 42. Kg1 Rd5 43. Rgd8 Rxd8 44. Rxd8 Rc3 45. b4 Rxf3 46. Rb8 Rf5 47. Kg2 Rd5 48. Kf3 g5 49. Ke3 Kf5 50. Kf3 f6 51. Rb7 g4+ 52. Kf2 e5 53. Rb8 Kf4 54. Rh8 f5 55. Ra8 e4 56. Rc8 g3+ 57. Kg2 Rd2+ 58. Kf1 Rb2 59. Rc5 Rxb4 60. Kg1 Kg4 61. Rc6 f4 62. Rg6+ Kf3 63. Rc6 Rb1+ 0-1


[Site "https://www.chess.com"]

[Event "Titled Tuesday Blitz July 4 Late 2023"]
[White "Martinez Reyes, Pedro Ramon"]
[Black "Fisher_TheGalactic"]
[WhiteFideId "3901807"]
[WhiteElo "2489"]
[BlackElo "2654"]
[Result "0-1"]
[Round "7"]
[TimeControl "180+2"]
[Date "2023.07.04"]
[WhiteClock "0:01:47"]
[BlackClock "0:00:51"]
[Board "66"]

1. e4 b6 2. d4 Bb7 3. Bd3 Nf6 4. Qe2 e6 5. Nf3 d5 6. exd5 Nxd5 7. O-O Be7 8. c4 Nf6 9. Nc3 O-O 10. Bf4 Nbd7 11. Rad1 a6 12. Ne5 Qe8 13. Bb1 Rd8 14. Qc2 c5 15. Nxd7 Rxd7 16. Bg5 g6 17. dxc5 Rxd1 18. Rxd1 Qc6 19. f3 Qxc5+ 0-1


[Site "https://www.chess.com"]

[Event "Titled Tuesday Blitz July 4 Late 2023"]
[White "Kovalevsky, Stanislav"]
[Black "Andrej2004"]
[WhiteFideId "13508598"]
[WhiteElo "2489"]
[BlackElo "2653"]
[Result "0-1"]
[Round "7"]
[TimeControl "180+2"]
[Date "2023.07.04"]
[WhiteClock "0:01:38"]
[BlackClock "0:02:05"]
[Board "67"]

1. c4 b6 2. Nc3 Bb7 3. Nf3 Nf6 4. g3 g6 5. Bg2 Bg7 6. O-O O-O 7. Re1 Ne4 8. Nxe4 Bxe4 9. d3 Bb7 10. e4 c5 11. d4 cxd4 12. Nxd4 Nc6 13. Be3 Rc8 14. b3 d6 15. Rc1 Nxd4 16. Bxd4 Bxd4 17. Qxd4 Qc7 18. h4 Qc5 19. Red1 Qxd4 20. Rxd4 a5 21. Re1 Rc5 22. e5 Bxg2 23. Kxg2 dxe5 24. Rd7 e6 25. Rb7 Rd8 26. Rxb6 Rd2 27. Re3 Rxa2 28. Rf3 e4 29. Re3 Rf5 30. Rxe4 Rfxf2+ 31. Kg1 Rfb2 32. Rf4 a4 33. Rb8+ Kg7 34. Rb7 Ra1+ 35. Rf1 Rxf1+ 36. Kxf1 a3 37. Ra7 a2 38. b4 Rb1+ 39. Ke2 a1=Q 40. Rxa1 Rxa1 41. b5 Kf6 42. c5 Ra5 0-1


[Site "https://www.chess.com"]

[Event "Titled Tuesday Blitz July 4 Late 2023"]
[White "Erzhanov, Arman"]
[Black "Ganiev, Roman"]
[WhiteFideId "4138821"]
[BlackFideId "4131452"]
[WhiteElo "2484"]
[BlackElo "2618"]
[Result "0-1"]
[Round "7"]
[TimeControl "180+2"]
[Date "2023.07.04"]
[WhiteClock "0:00:00"]
[BlackClock "0:00:32"]
[Board "68"]

1. e4 c5 2. Nf3 d6 3. d4 cxd4 4. Qxd4 Nf6 5. Be2 Nc6 6. Qe3 g6 7. h3 Bg7 8. O-O O-O 9. Rd1 Qc7 10. c4 Bd7 11. Nc3 a6 12. Rb1 Rac8 13. b3 Rfd8 14. Bb2 Qa5 15. a3 Ne5 16. Nd2 Qc7 17. Rbc1 Qb8 18. Re1 b5 19. Nd5 Nxd5 20. cxd5 Rxc1 21. Bxc1 Bc8 22. f4 Nd7 23. Nf3 Bb7 24. Bd2 Rc8 25. Rc1 Rxc1+ 26. Bxc1 Qc7 27. Bd1 Nc5 28. Bd2 Qb6 29. Kf1 Qc7 30. b4 Nd7 31. Bb3 Nb6 32. Ke1 Nc4 33. Qd3 h6 34. Bc1 Ne5 35. Qc2 Nxf3+ 36. gxf3 Qd7 37. Qg2 Bf6 38. Kd1 Bc8 39. f5 Kg7 40. Bc2 Qe8 41. fxg6 fxg6 42. f4 g5 43. fxg5 Qh5+ 44. Ke1 hxg5 45. Bd1 Qh4+ 0-1


[Site "https://www.chess.com"]

[Event "Titled Tuesday Blitz July 4 Late 2023"]
[White "Karttunen, Mika"]
[Black "Gomez Barrera, Javiera Belen"]
[WhiteFideId "502081"]
[BlackFideId "3418723"]
[WhiteElo "2605"]
[BlackElo "2474"]
[Result "1-0"]
[Round "7"]
[TimeControl "180+2"]
[Date "2023.07.04"]
[WhiteClock "0:00:28"]
[BlackClock "0:00:30"]
[Board "69"]

1. d4 Nf6 2. c4 e6 3. g3 d5 4. Nf3 Bb4+ 5. Bd2 a5 6. Qc2 O-O 7. Bg2 c6 8. O-O Be7 9. Bf4 b6 10. Nbd2 Bb7 11. e4 dxe4 12. Nxe4 Nxe4 13. Qxe4 Nd7 14. Rfd1 Nf6 15. Qc2 Qc8 16. c5 b5 17. Ne5 Rd8 18. Bg5 h6 19. Bxf6 Bxf6 20. f4 Qc7 21. Be4 Kh8 22. Qg2 Bxe5 23. dxe5 g6 24. Rd6 Rxd6 25. exd6 Qd7 26. Qd2 Kg7 27. Qd4+ f6 28. Re1 Re8 29. Qd3 f5 30. Qd4+ Kh7 31. Bf3 Qg7 32. Qd2 e5 33. Rxe5 Rxe5 34. fxe5 Bc8 35. Qd4 Bd7 36. Kf2 Qf7 37. b3 a4 38. Bd1 g5 39. Bc2 Kg6 40. Ke3 axb3 41. Bxb3 f4+ 42. gxf4 gxf4+ 43. Qxf4 1-0


[Site "https://www.chess.com"]

[Event "Titled Tuesday Blitz July 4 Late 2023"]
[White "Janaszak, Dawid"]
[Black "Avila Rodriguez, Joshua Ad"]
[WhiteFideId "1119206"]
[BlackFideId "5126444"]
[WhiteElo "2587"]
[BlackElo "2469"]
[Result "1-0"]
[Round "7"]
[TimeControl "180+2"]
[Date "2023.07.04"]
[WhiteClock "0:01:27"]
[BlackClock "0:00:00"]
[Board "70"]

1. e4 c5 2. Nc3 d6 3. f4 g6 4. Nf3 Bg7 5. Bc4 Nc6 6. O-O e6 7. d4 cxd4 8. Nb5 a6 9. Nbxd4 Nxd4 10. Nxd4 Nf6 11. e5 Ne4 12. Qf3 d5 13. Bd3 Nc5 14. Be3 Nxd3 15. cxd3 Bd7 16. f5 gxf5 17. g4 Bxe5 18. gxf5 Rg8+ 19. Kh1 Qh4 20. Qf2 Qxf2 21. Rxf2 Rc8 22. Raf1 Bxd4 23. Bxd4 exf5 24. Re1+ Be6 25. Rxf5 Rc2 26. Rxd5 Rgg2 27. Rh5 Kd7 28. Rc1 Rxc1+ 29. Kxg2 Rc2+ 30. Kg3 b5 31. Rxh7 Rd2 32. Kf4 Rxd3 33. Ke4 Rd2 34. Bc3 Rf2 35. Ke3 Rg2 36. h4 Rh2 37. h5 Rh3+ 38. Kf4 Ke7 39. h6 Rh5 40. Rh8 1-0


[Site "https://www.chess.com"]

[Event "Titled Tuesday Blitz July 4 Late 2023"]
[White "Remolar Gallen, Jose"]
[Black "Grinev, Valeriy"]
[WhiteFideId "2215187"]
[BlackFideId "14117517"]
[WhiteElo "2462"]
[BlackElo "2583"]
[Result "1-0"]
[Round "7"]
[TimeControl "180+2"]
[Date "2023.07.04"]
[WhiteClock "0:00:42"]
[BlackClock "0:01:18"]
[Board "71"]

1. d4 c5 2. d5 d6 3. e4 a6 4. a4 g6 5. Nc3 Bg7 6. h4 h5 7. Nh3 Nf6 8. Ng5 Nbd7 9. Be2 Ne5 10. Bf4 Neg4 11. f3 Nh6 12. Qd2 Bd7 13. a5 Rb8 14. Na4 Bxa4 15. Rxa4 b5 16. axb6 Rxb6 17. b3 Qc8 18. O-O Nhg8 19. Rfa1 Nh7 20. Bxa6 Rxa6 21. Rxa6 Bxa1 22. Rxa1 Nxg5 23. hxg5 f6 24. Qc3 Kf7 25. Ra7 Rh7 26. Bxd6 fxg5 27. Qe5 Kf8 28. Qxg5 c4 29. b4 Rf7 30. Bc5 c3 31. d6 exd6 32. Bxd6+ Kg7 33. Qe5+ Nf6 34. Rxf7+ Kxf7 35. Qe7+ Kg8 36. Qxf6 Qd7 37. Qxg6+ Qg7 38. Qxg7+ Kxg7 39. Be5+ Kg6 40. Bxc3 h4 41. Be1 h3 42. gxh3 1-0


[Site "https://www.chess.com"]

[Event "Titled Tuesday Blitz July 4 Late 2023"]
[White "Koc, Przemyslaw"]
[Black "Sargsyan, Anna M."]
[WhiteFideId "1109081"]
[BlackFideId "13308130"]
[WhiteElo "2459"]
[BlackElo "2583"]
[Result "0-1"]
[Round "7"]
[TimeControl "180+2"]
[Date "2023.07.04"]
[WhiteClock "0:01:00"]
[BlackClock "0:01:53"]
[Board "72"]

1. d4 d5 2. Nf3 Nf6 3. c3 c6 4. Bg5 Bf5 5. Nbd2 Nbd7 6. e3 Qb6 7. Qb3 e6 8. Nh4 Bg4 9. h3 Bh5 10. g4 Bg6 11. Nxg6 hxg6 12. Bg2 Bd6 13. Bxf6 Nxf6 14. f4 Qc7 15. Nf3 Ne4 16. O-O f6 17. Qc2 O-O-O 18. c4 g5 19. c5 Be7 20. fxg5 Qg3 21. gxf6 gxf6 22. Qe2 Rxh3 23. Qe1 Qxg4 24. Nd2 Rg8 25. Rf2 Nxf2 26. Qxf2 Rg3 0-1


[Site "https://www.chess.com"]

[Event "Titled Tuesday Blitz July 4 Late 2023"]
[White "Uzcategui Rodriguez, Alejandro"]
[Black "Ozates, Tuna"]
[WhiteFideId "3903400"]
[BlackFideId "6354521"]
[WhiteElo "2452"]
[BlackElo "2557"]
[Result "0-1"]
[Round "7"]
[TimeControl "180+2"]
[Date "2023.07.04"]
[WhiteClock "0:00:01"]
[BlackClock "0:00:54"]
[Board "73"]

1. d4 f5 2. Nf3 Nf6 3. g3 e6 4. Bg2 Be7 5. c4 O-O 6. O-O d6 7. Nc3 Ne4 8. Qc2 Nxc3 9. Qxc3 Bf6 10. Re1 a5 11. e4 fxe4 12. Rxe4 Nc6 13. Bf4 Bd7 14. Qd2 h6 15. h4 d5 16. cxd5 exd5 17. Ree1 Bg4 18. Ne5 Bxe5 19. dxe5 Ne7 20. Rac1 Be6 21. Bxh6 gxh6 22. Qxh6 Ra6 23. Qg5+ Kf7 24. Qh5+ Ng6 25. Rc3 Rh8 26. Qf3+ Kg7 27. h5 Rf8 28. Qe3 d4 29. Rxc7+ Qxc7 30. Qg5 Qf7 31. f4 Qf5 0-1


[Site "https://www.chess.com"]

[Event "Titled Tuesday Blitz July 4 Late 2023"]
[White "reevecanada"]
[Black "Nunez V, Gustavo Eduardo"]
[BlackFideId "4403690"]
[WhiteElo "2549"]
[BlackElo "2452"]
[Result "0-1"]
[Round "7"]
[TimeControl "180+2"]
[Date "2023.07.04"]
[WhiteClock "0:00:00"]
[BlackClock "0:00:11"]
[Board "74"]

1. e4 c5 2. Nf3 Nc6 3. Bb5 g6 4. O-O Bg7 5. c3 e5 6. d3 Nge7 7. Be3 d6 8. d4 cxd4 9. cxd4 O-O 10. Nc3 Bg4 11. d5 Nd4 12. Be2 Nxe2+ 13. Qxe2 f5 14. h3 Bh5 15. Bg5 fxe4 16. Qxe4 Bxf3 17. gxf3 Qd7 18. f4 Nf5 19. fxe5 Bxe5 20. Qg2 h6 21. Be3 Nh4 22. Qg4 Qxg4+ 23. hxg4 Rf3 24. Ne4 g5 25. Nd2 Rh3 26. Rfd1 Rf8 27. Nc4 Bh2+ 28. Kf1 b5 29. Ke2 bxc4 30. Rh1 Nf3 31. Rac1 Ne5 32. Bd4 Nxg4 33. Rxc4 Rh4 34. Rc7 Be5 35. Rxh4 gxh4 36. Bxa7 h3 37. Rc4 h5 38. Kf1 Rf7 39. Bb6 Rb7 40. Rc6 Rf7 41. a4 Bg3 42. Rc2 Nh2+ 43. Kg1 Nf3+ 44. Kf1 Be5 45. a5 Rg7 0-1


[Site "https://www.chess.com"]

[Event "Titled Tuesday Blitz July 4 Late 2023"]
[White "Balla, Tamas-Kristof"]
[Black "Estrada Nieto, Julian"]
[WhiteFideId "1208497"]
[BlackFideId "5101018"]
[WhiteElo "2449"]
[BlackElo "2547"]
[Result "1-0"]
[Round "7"]
[TimeControl "180+2"]
[Date "2023.07.04"]
[WhiteClock "0:00:08"]
[BlackClock "0:00:00"]
[Board "75"]

1. e4 e5 2. Nf3 Nc6 3. Bc4 Bc5 4. b4 Bb6 5. a4 a6 6. c3 Nf6 7. d3 d6 8. h3 h6 9. O-O g5 10. Nh2 Rg8 11. Be3 g4 12. hxg4 Nxg4 13. Qf3 Qe7 14. Bxb6 cxb6 15. Nd2 Nxh2 16. Kxh2 Bg4 17. Qg3 O-O-O 18. b5 Nb8 19. bxa6 bxa6 20. Rab1 Kc7 21. Qe3 Nd7 22. Bxa6 Qh4+ 23. Kg1 Bh3 24. g3 Bxf1 25. Nxf1 Rb8 26. Bb5 Qg5 27. Qf3 Nf6 28. Ne3 h5 29. Qxf6 Qxf6 30. Nd5+ Kd8 31. Nxf6 Rh8 32. d4 Ke7 33. Nd5+ Ke6 34. dxe5 Kxe5 35. Re1 h4 36. f4+ Ke6 37. Kf2 hxg3+ 38. Kxg3 Rbg8+ 39. Kf2 Rh2+ 40. Ke3 Rg3+ 41. Kd4 Rd2+ 42. Kc4 Rc2 43. Rd1 Rf3 44. Kd4 Rff2 45. f5+ 1-0


[Site "https://www.chess.com"]

[Event "Titled Tuesday Blitz July 4 Late 2023"]
[White "szachmistrz2500"]
[Black "Fiol, Fabrice"]
[BlackFideId "611670"]
[WhiteElo "2443"]
[BlackElo "2542"]
[Result "1-0"]
[Round "7"]
[TimeControl "180+2"]
[Date "2023.07.04"]
[WhiteClock "0:00:45"]
[BlackClock "0:00:00"]
[Board "76"]

1. d4 Nf6 2. Nc3 d5 3. Bg5 Nbd7 4. Qd3 c6 5. O-O-O h6 6. Bh4 e5 7. e4 exd4 8. Qxd4 Bc5 9. Qd2 O-O 10. exd5 Bb4 11. dxc6 bxc6 12. Bc4 Qa5 13. Bxf6 Nxf6 14. Nge2 Bg4 15. f3 Bf5 16. Qf4 Bg6 17. g4 Rab8 18. h4 Qb6 19. Bb3 Bc5 20. Kb1 Be3 21. Qc4 a5 22. h5 Bh7 23. Nd4 c5 24. Ndb5 a4 25. Bxa4 Bd4 26. Bb3 Kh8 27. Nxd4 cxd4 28. Qxd4 Qa5 29. Nd5 Nxd5 30. Qxd5 Qa7 31. f4 Rfc8 32. f5 Bg8 33. f6 Rc5 34. Qd4 Qc7 35. fxg7+ Kh7 36. c3 Re8 37. Bc2+ f5 38. gxf5 1-0


[Site "https://www.chess.com"]

[Event "Titled Tuesday Blitz July 4 Late 2023"]
[White "Kirillov, Dmitry"]
[Black "Bueno, Alfeu Junior Varela"]
[WhiteFideId "34180572"]
[BlackFideId "2108879"]
[WhiteElo "2536"]
[BlackElo "2438"]
[Result "0-1"]
[Round "7"]
[TimeControl "180+2"]
[Date "2023.07.04"]
[WhiteClock "0:00:00"]
[BlackClock "0:00:30"]
[Board "77"]

1. d4 e6 2. c4 f5 3. g3 Nf6 4. Bg2 Bb4+ 5. Nc3 Bxc3+ 6. bxc3 O-O 7. Nf3 d6 8. O-O Nc6 9. d5 Na5 10. Nd4 e5 11. Ne6 Bxe6 12. dxe6 Rb8 13. Qa4 b6 14. Ba3 Qe8 15. Qd1 Nxc4 16. Bd5 Nxd5 17. Qxd5 Nxa3 18. Qb3 Nb5 19. a4 Nxc3 20. Qxc3 c5 21. Qc4 Rf6 22. Rfd1 Qxe6 23. Qa6 Rf7 24. a5 h6 25. axb6 Rxb6 26. Qd3 f4 27. f3 fxg3 28. hxg3 Re7 29. e4 Rf7 30. Kg2 Rd7 31. Rd2 Rb4 0-1


[Site "https://www.chess.com"]

[Event "Titled Tuesday Blitz July 4 Late 2023"]
[White "AdvanceGuard4"]
[Black "KorolDimitriy75"]
[WhiteElo "2535"]
[BlackElo "2430"]
[Result "1-0"]
[Round "7"]
[TimeControl "180+2"]
[Date "2023.07.04"]
[WhiteClock "0:00:32"]
[BlackClock "0:00:00"]
[Board "78"]

1. e4 c5 2. c3 d5 3. exd5 Qxd5 4. d4 cxd4 5. cxd4 Nc6 6. Nf3 e5 7. Nc3 Bb4 8. Bd2 Bxc3 9. Bxc3 e4 10. Ne5 Nxe5 11. dxe5 Ne7 12. Qc2 O-O 13. Rd1 Qxa2 14. Qxe4 Bf5 15. Qh4 Rad8 16. Be2 Rxd1+ 17. Bxd1 Nd5 18. O-O Nxc3 19. bxc3 Bd3 20. Re1 Qd2 21. f4 Qxc3 22. Qf2 Rd8 23. Bf3 b5 24. Rd1 Qc7 25. Qd2 Qc5+ 26. Kh1 Rd4 27. Be2 1-0


[Site "https://www.chess.com"]

[Event "Titled Tuesday Blitz July 4 Late 2023"]
[White "Gasparyan, David"]
[Black "Omariev, Maksim"]
[WhiteFideId "13311980"]
[BlackFideId "4193423"]
[WhiteElo "2535"]
[BlackElo "2429"]
[Result "0-1"]
[Round "7"]
[TimeControl "180+2"]
[Date "2023.07.04"]
[WhiteClock "0:00:47"]
[BlackClock "0:00:13"]
[Board "79"]

1. e4 c5 2. Nc3 d6 3. Bc4 Nc6 4. a3 g6 5. Nge2 Bg7 6. h4 Nf6 7. d3 a6 8. Bg5 b5 9. Ba2 Bb7 10. Ng3 h6 11. Bxf6 Bxf6 12. h5 g5 13. Nd5 Bxb2 14. Rb1 Bxa3 15. c3 e6 16. Ne3 Qa5 17. Qb3 Nd4 18. Qd1 Qxc3+ 19. Kf1 O-O 20. Ng4 Kg7 21. Rh3 f5 22. Nh2 Rf6 23. Ne2 Nxe2 24. Qxe2 Bb4 25. exf5 Qe5 26. Qxe5 dxe5 27. Bxe6 Bc8 28. Ng4 Rxf5 29. Bxf5 Bxf5 30. Rg3 Rd8 31. Ke2 Bc3 32. Rd1 Bd4 33. Ne3 Be6 34. Nc2 a5 35. Rb1 b4 36. Rf3 a4 37. Kd2 a3 38. Nxd4 exd4 39. Kc2 a2 40. Ra1 b3+ 41. Kb2 Bd5 42. Rf5 Rd7 43. Re5 Bf7 44. Rxc5 Re7 45. Rb5 Re2+ 46. Ka3 Rxf2 47. g4 Rd2 48. Rf1 Rxd3 49. Rb7 a1=Q+ 50. Rxa1 Rf3 51. Re1 Rf4 52. Ree7 Kf8 53. Red7 Kg7 54. Kb2 Kf8 55. Rd8+ Kg7 56. Rdd7 Kf8 57. Rb6 Kg7 58. Rbd6 Rf2+ 59. Kb1 Rf1+ 60. Kb2 Rf2+ 61. Ka3 Ra2+ 62. Kb4 b2 63. Kc5 b1=Q 64. Rxd4 Qc1+ 65. Kd6 Ra5 66. Ke7 Qc5+ 67. R7d6 Qe5+ 68. Kd7 Ra7+ 69. Kc6 Qe8+ 70. Kc5 Qc8+ 71. Rc6 Rc7 72. Rd6 Rxc6+ 73. Rxc6 Qxg4 74. Rd6 Qxh5 75. Rd4 Qg6 76. Rd6 Qxd6+ 77. Kxd6 Kg6 78. Ke5 g4 79. Kf4 h5 80. Kg3 Kg5 81. Kg2 h4 82. Kf2 Kf4 83. Kg2 g3 84. Kg1 Kf3 85. Kh1 h3 86. Kg1 Bd5 87. Kh1 Kf2# 0-1


[Site "https://www.chess.com"]

[Event "Titled Tuesday Blitz July 4 Late 2023"]
[White "Arencibia Monduy, Antonio"]
[Black "Pein, Jonathan"]
[WhiteFideId "3507939"]
[BlackFideId "417092"]
[WhiteElo "2534"]
[BlackElo "2426"]
[Result "1-0"]
[Round "7"]
[TimeControl "180+2"]
[Date "2023.07.04"]
[WhiteClock "0:00:28"]
[BlackClock "0:00:00"]
[Board "80"]

1. e4 e6 2. d4 d5 3. Bd3 Nc6 4. c3 dxe4 5. Bxe4 Nf6 6. Bf3 e5 7. Qe2 e4 8. Bxe4 Nxe4 9. Qxe4+ Be7 10. Nf3 O-O 11. O-O Be6 12. Bf4 Bf6 13. Nbd2 Ne7 14. Qxb7 Rb8 15. Qxa7 Rxb2 16. Qxc7 Qxc7 17. Bxc7 Nd5 18. Bd6 Rd8 19. Ne4 Nxc3 20. Nxf6+ gxf6 21. Be7 Ra8 22. Bxf6 Raxa2 23. Rxa2 Rxa2 24. h3 Ne2+ 25. Kh2 Nf4 26. Rb1 h6 27. Rb8+ Kh7 28. h4 Bd5 29. Ne5 Ng6 30. h5 Ra8 31. hxg6+ fxg6 32. Rxa8 Bxa8 33. Kg3 g5 34. f3 Bd5 35. Kf2 Be6 36. g3 Bd5 37. Ke3 Kg8 38. Kd3 Kf8 39. Kc3 Ke8 40. Kb4 Kf8 41. Kc5 Be6 42. Kd6 Bd5 43. Kxd5 h5 44. Bxg5 h4 45. Bxh4 Kg7 46. Ke6 1-0


[Site "https://www.chess.com"]

[Event "Titled Tuesday Blitz July 4 Late 2023"]
[White "Ambartsumova, Karina"]
[Black "Kielinkei"]
[WhiteFideId "4166299"]
[WhiteElo "2534"]
[BlackElo "2425"]
[Result "1-0"]
[Round "7"]
[TimeControl "180+2"]
[Date "2023.07.04"]
[WhiteClock "0:00:16"]
[BlackClock "0:00:00"]
[Board "81"]

1. Nf3 d5 2. e3 c5 3. c4 e6 4. cxd5 exd5 5. d4 Nf6 6. Nc3 Nc6 7. Be2 Be7 8. O-O O-O 9. b3 b6 10. Bb2 Bb7 11. Rc1 Rc8 12. dxc5 bxc5 13. Na4 Ne4 14. Bd3 f5 15. Bb1 Ba6 16. Re1 Qd7 17. Ne5 Nxe5 18. Bxe5 Qe6 19. Bb2 Bb5 20. f3 Nf6 21. Nc3 Bc6 22. Qd3 Nd7 23. Rcd1 Ne5 24. Qd2 Rcd8 25. Ne2 g5 26. f4 Ng4 27. Ng3 Qh6 28. h3 Qh4 29. Nxf5 Rxf5 30. Bxf5 Nf6 31. Be6+ Kf8 32. fxg5 Ne4 33. Rf1+ Ke8 34. Qd3 Bd6 35. Bf7+ Kd7 36. Bxd5 Qg3 37. Bxc6+ Kc7 38. Qxe4 Qh2+ 39. Kf2 Rf8+ 40. Ke2 Rd8 41. Rf7+ Kb6 42. Ba4 Bc7 43. Rxd8 1-0


[Site "https://www.chess.com"]

[Event "Titled Tuesday Blitz July 4 Late 2023"]
[White "Rottenwohrer Suarez, Juan"]
[Black "Carrasco Miranda, Andres"]
[WhiteFideId "32068182"]
[BlackFideId "3405990"]
[WhiteElo "2531"]
[BlackElo "2409"]
[Result "1-0"]
[Round "7"]
[TimeControl "180+2"]
[Date "2023.07.04"]
[WhiteClock "0:01:25"]
[BlackClock "0:00:02"]
[Board "82"]

1. Nf3 Nf6 2. g3 g6 3. Bg2 Bg7 4. O-O O-O 5. c4 d5 6. cxd5 Nxd5 7. d4 Nc6 8. Nc3 Nb6 9. d5 Na5 10. Qc2 c6 11. dxc6 Nxc6 12. Rd1 Qc7 13. Bf4 e5 14. Nb5 Qb8 15. Be3 Bf5 16. Qb3 Be6 17. Qc2 Nc4 18. Bc5 Rd8 19. Ng5 Rxd1+ 20. Rxd1 a6 21. Na7 Nxa7 22. Nxe6 Na5 23. Rd8+ Qxd8 24. Nxd8 Rxd8 25. Bxa7 e4 26. Bb6 1-0


[Site "https://www.chess.com"]